 Dungeon Crawl Stone Soup version 0.31-a0-233-g139696dc86 (webtiles) character file.

Game seed: 1155068511519591858

6 Maxmaps the Poker (level 1, 0/16 HPs)
             Began as a Demonspawn Reaver on July 9, 2023.
             Slain by a gnoll
             ... wielding a +0 whip
              (3 damage)
             ... on level 1 of the Dungeon.
             The game lasted 00:00:14 (132 turns).

Maxmaps the Poker (Demonspawn Reaver)                Turns: 132, Time: 00:00:14

Health: 0/16       AC:  3    Str: 12    XL:     1   Next: 75%
Magic:  3/3        EV:  6    Int: 14    God:
Gold:   0          SH:  9    Dex: 11    Spells: 3/4 levels left

rFire   . . .        a - +0 spear
rCold   . . .        c - +0 tower shield
rNeg    . . .        b - +0 leather armour
rPois   .            (no helmet)
rElec   .            (no cloak)
rCorr   .            (no gloves)
SInv    .            (no boots)
Will    .....        (no amulet)
Stlth   +            (no ring)
HPRegen 0.22/turn    (no ring)
MPRegen 0.08/turn

%: no passive effects
@: no status effects
A: no striking features
a: no special abilities


You were on level 1 of the Dungeon.
You visited 1 branch of the dungeon, and saw 1 of its levels.

Inventory:

Hand Weapons
 a - a +0 spear (weapon)
Armour
 b - a +0 leather armour (worn)
 c - a +0 tower shield (worn)
Potions
 d - a potion of cancellation {unknown}


   Skills:
 - Level 2.0 Fighting
 + Level 3.1 Polearms
 - Level 1.7 Dodging
 - Level 2.0 Spellcasting
 - Level 3.0 Conjurations


You had 3 spell levels left.
You knew the following spells:

 Your Spells              Type           Power      Damage    Failure   Level
a - Kiss of Death         Conj/Necr      20%        2d7       99%         1

Your spell library contained the following spells:

 Spells                   Type           Power      Damage    Failure   Level
 Momentum Strike          Conj/Tloc      10%        3d8       100%        2
 Hailstorm                Conj/Ice       5%         3d4       100%        3


Dungeon Overview and Level Annotations

Branches:
Dungeon (1/15)

Altars:


Message History

You barely miss the bat.
The bat is severely wounded.
The bat barely misses you.
You hit the bat.
You kill the bat!
Your Polearms skill increases to level 3!
You swing at nothing.
You swing at nothing.
You start resting.
HP restored.
Found a sling.
d - a clear potion A hobgoblin comes into view.
The hobgoblin shouts!
A gnoll comes into view. It is wielding a +0 whip.
A hobgoblin comes into view.
The gnoll shouts!
The hobgoblin shouts!
There are monsters nearby!
There are monsters nearby!
You reach to attack!
You hit the hobgoblin.
The hobgoblin is heavily wounded.
You hit the hobgoblin.
You kill the hobgoblin!
You block the gnoll's attack.
You hit the gnoll but do no damage. The gnoll hits you with a +0 whip.
You closely miss the gnoll. The gnoll closely misses you.
The hobgoblin hits you. The gnoll hits you with a +0 whip!
* * * LOW HITPOINT WARNING * * *
You block the hobgoblin's attack.
You are too injured to fight recklessly!
You are too injured to fight recklessly!
You are too injured to fight recklessly!
You are too injured to fight recklessly!
You are too injured to fight recklessly!
You are too injured to fight recklessly!
You are too injured to fight recklessly!
You are too injured to fight recklessly!
You are too injured to fight recklessly!
You barely miss the gnoll. The gnoll hits you with a +0 whip.
You die...

.#.......##.######
...................
.....#......####
...###..###.#..# ##
#..###....##
....).......#
.............#
.....#........#
....##......?@#
#.....#.gg......
#......#...##...
#.......#..#
####.#.. #.. #.#..
#.. # ..# ##. .. ..


You could see a gnoll and a hobgoblin.

Vanquished Creatures
  2 bats (D:1)
  A hobgoblin (D:1)
  A quokka (D:1)
  A frilled lizard (D:1)
5 creatures vanquished.

Notes
Turn   | Place    | Note
-------+----------+-------------------------------------------
     0 | D:1      | Maxmaps the Demonspawn Reaver began the quest for the Orb.
     0 | D:1      | Reached XP level 1. HP: 16/16 MP: 3/3
   132 | D:1      | Slain by a gnoll

Illustrated notes

Levels and vault maps discovered:
D:1:      zelgadis_glass_arrival_small, layout_rooms, minivault_26,
          minmay_pentomino_v4

Skill      XL: |  1 |
---------------+----+-----
Polearms       | 3 |  3.1
Fighting       | |  2.0
Dodging        | |  1.7
Spellcasting   | |  2.0
Conjurations   | |  3.0

Action                     || total
---------------------------++-------
  Melee: Spear             ||    30
 Armour: Leather armour    ||    16
  Dodge: Dodged            ||    11
  Block: Tower shield      ||    21

Table legend: (Time is in decaauts)
 A = Elapsed time spent in this place.
 B = Non-inter-level travel time spent in this place.
 C = Inter-level travel time spent in this place.
 D = Time resting spent in this place.
 E = Time spent auto-exploring this place.
 F = Levels seen in this place.
 G = Mean time per level.
                   A        B        C        D        E       F      G
               +--------+--------+--------+--------+--------+-----+--------+
         Total |    144 |    144 |      0 |     37 |     32 |   1 |  144.0 |
       Dungeon |    144 |    144 |      0 |     37 |     32 |   1 |  144.0 |
               +--------+--------+--------+--------+--------+-----+--------+

Top non-repeatable levels by time:
     D:1: 144 daAuts
